 Dungeon Crawl Stone Soup version 0.32-a0-22-g6ae6769602 (webtiles) character file.

Game seed: 8440173187077218800

12704 PriceMaster the Thaumaturge (level 11, -6/53 HPs)
             Began as a Spriggan Conjurer on Jan 18, 2024.
             Was an Elder of Sif Muna.
             Mangled by Maggie
             ... wielding a +0 halberd
              (20 damage)
             ... on level 10 of the Dungeon on Jan 19, 2024.
             The game lasted 00:37:13 (11640 turns).

PriceMaster the Thaumaturge (Spriggan Conjurer)    Turns: 11640, Time: 00:37:14

Health: -6/53      AC:  8    Str:  3    XL:     11   Next: 65%
Magic:  4/30       EV: 20    Int: 31    God:    Sif Muna [****..]
Gold:   567        SH:  0    Dex: 13    Spells: 27/38 levels left

rFire   . . .        j - +2 dagger (drain)
rCold   . . .        x - orb {mayhem}
rNeg    . . .        a - +0 robe
rPois   .            (helmet restricted)
rElec   .            g - +1 cloak
rCorr   .            (gloves unavailable)
SInv    +            (boots unavailable)
Will    +....        (no amulet)
Stlth   ++++         i - +4 ring of protection
HPRegen 0.28/turn    q - +6 ring of intelligence
MPRegen 0.22/turn

%: mayhem
@: mighty, very quick
A: very small, no large weapons, unfitting armour, see invisible, speed 3
a: Renounce Religion, Channel Magic, Forget Spell, Divine Exegesis


You were on level 10 of the Dungeon.
You worshipped Sif Muna.
Sif Muna was greatly pleased with you.
You visited 1 branch of the dungeon, and saw 10 of its levels.

You collected 603 gold pieces.
You spent 36 gold pieces at shops.

Inventory:

Hand Weapons
 d - a +5 dagger
 j - a +2 dagger of draining (weapon)
 m - a +2 trident of protection
Armour
 a - a +0 robe (worn)
 g - a +1 cloak (worn)
 l - a +0 pair of gloves
 x - an orb of mayhem (worn)
Magical Staves
 n - a staff of air
 p - a staff of alchemy
Jewellery
 i - a +4 ring of protection (left hand)
 q - a +6 ring of intelligence (right hand)
Wands
 s - a wand of mindburst (10)
 t - a wand of flame (9)
 u - a wand of iceblast (3)
Scrolls
 b - 2 scrolls of identify
 c - 5 scrolls of revelation
 h - 2 scrolls of amnesia
 k - 5 scrolls of teleportation
 o - a scroll of fog
 w - a scroll of immolation
Potions
 e - a potion of attraction
 f - a potion of might
 r - 3 potions of curing


   Skills:
 + Level 4.0 Fighting
 + Level 5.9 Short Blades
 + Level 8.4 Dodging
 + Level 8.9 Stealth
 * Level 14.4 Spellcasting
 + Level 7.1 Conjurations
 + Level 8.8 Translocations
 + Level 0.6 Alchemy
 + Level 0.3 Invocations
 + Level 6.0 Evocations


You had 27 spell levels left.
You knew the following spells:

 Your Spells              Type           Power      Damage    Failure   Level
a - Magic Dart            Conj           100%       1d8       1%          1
b - Searing Ray           Conj           100%       2d8       1%          2
c - Iskenderun's Mystic   Conj/Tloc      64%        2d13      1%          4
d - Fulminant Prism       Conj/Alch      23%        3d12      4%          4

Your spell library contained the following spells:

 Spells                   Type           Power      Damage    Failure   Level
 Apportation              Tloc           100%       N/A       1%          1
 Foxfire                  Conj/Fire      100%       2x1d9     1%          1
 Jinxbite                 Hex            44%        N/A       3%          2
 Dimensional Bullseye     Hex/Tloc       24%        N/A       3%          4
 Call Canine Familiar     Summ           22%        N/A       6%          3
 Sigil of Binding         Hex            22%        N/A       6%          3
 Alistair's Intoxication  Alch           17%        N/A       41%         5
 Starburst                Conj/Fire      22%        6d7       58%         6
 Plasma Beam              Fire/Air       11%        2x1d22    97%         6


Dungeon Overview and Level Annotations

Branches:
Dungeon (10/15)            Temple (0/1) D:4            Lair (0/5) D:10
    Orc: D:9-12

Altars:
Cheibriados
Fedhas
Qazlal
Ru
Sif Muna
Vehumet
The Shining One

Shops:
D:5 ?

Annotations:
D:10 exclusion: 2 oklob plants, Maggie


Innate Abilities, Weirdness & Mutations

You are very small and have problems with some larger weapons.
You are too small for most types of armour.
You have supernaturally acute eyesight. (SInv)
You cover ground extremely quickly. (Speed+++)


Message History

Confirm with . or Enter, or press ? or * to list all spells.
Aiming: Magic Dart (safe; 1% risk of failure)
Press: ? - help, Shift-Dir - straight line
Okay, then.
You barely miss the yak.
The yak is heavily wounded.
The yak closely misses you.
You puncture the yak!
The yak is severely wounded.
The yak gores you!
You closely miss the yak.
The yak is severely wounded.
The yak gores you but does no damage.
You puncture the yak!
You kill the yak!
Sif Muna accepts your kill.
Maggie flies into a frenzy!
Maggie completely misses you. Maggie closely misses you.
You puncture Maggie!
Maggie is lightly wounded.
Maggie barely misses you.
You puncture Maggie!
Maggie is moderately wounded.
Maggie closely misses you.
You puncture Maggie!
Maggie is moderately wounded.
Maggie hits you with a +0 halberd!
You barely miss Maggie.
Maggie is moderately wounded.
Maggie barely misses you.
You feel better. Maggie hits you with a +0 halberd!
* * * LOW HITPOINT WARNING * * *
Casting: Magic Dart (safe; 1% risk of failure)
Confirm with . or Enter, or press ? or * to list all spells.
You don't have enough magic to cast this spell.
Okay, then.
As you read the scroll of fear, it crumbles to dust.
You assume a fearsome visage.
Maggie is unaffected.
Maggie hits you with a +0 halberd!!
You die...

###........# .
#.......## ###....##
## ####....# ...
........## ....
#####.##.## .Y...
#.###.###.....Y
.########@# #....#
........@.###†####.#
...#####.†.........#
..........###†######
...######## #.# #..
####


You could see the neutral Maggie (fast, strong, frenzied).

Vanquished Creatures
  A boulder beetle (D:9)
  A troll (D:10)
  2 hornets
  Sigmund (D:5)
  A wyvern (D:9)
  14 yaks
  2 vampire mosquitoes (D:10)
  A steam dragon (D:7)
  An acid dragon (D:10)
  A water moccasin (D:6)
  An ice beast (D:7)
  2 orc warriors
  A black bear (D:6)
  A sky beast (D:6)
  An ogre (D:6)
  2 phantoms
  4 centaurs
  4 kobold brigands
  3 gnoll sergeants (D:5)
  3 bullfrogs
  2 scorpions (D:6)
  A howler monkey (D:8)
  A bombardier beetle (D:4)
  7 hounds
  5 jellies
  3 gnoll boudas
  2 orc priests (D:6)
  Jessica (D:2)
  8 orc wizards
  A sleepcap (D:4)
  4 iguanas
  Robin (D:3)
  22 gnolls
  8 adders
  A shadow imp (D:6)
  4 ufetubi (D:6)
  A dart slug (D:9)
  2 ribbon worms
  34 orcs
  5 bats
  7 endoplasms
  6 giant cockroaches
  12 goblins
  15 hobgoblins
  A jackal (D:5)
  5 quokkas
  7 ball pythons
  3 frilled lizards
  27 kobolds
  5 rats
  4 fulminant prisms
252 creatures vanquished.

Vanquished Creatures (collateral kills)
  2 yaks (D:10)
2 creatures vanquished.

Vanquished Creatures (others)
  11 fulminant prisms
11 creatures vanquished.

Grand Total: 265 creatures vanquished

Notes
Turn   | Place    | Note
-------+----------+-------------------------------------------
     0 | D:1      | PriceMaster the Spriggan Conjurer began the quest for the
                  | Orb.
     0 | D:1      | Reached XP level 1. HP: 9/9 MP: 5/5
     0 | D:1      | Noticed a small abomination
     0 | D:1      | Noticed a large abomination
     1 | D:1      | Noticed a large abomination
     4 | D:1      | Noticed a large abomination
     7 | D:1      | Noticed a large abomination
     8 | D:1      | Noticed a large abomination
     9 | D:1      | Noticed a large abomination
    11 | D:1      | Noticed a large abomination
    11 | D:1      | Noticed a large abomination
    13 | D:1      | Noticed a large abomination
    15 | D:1      | Noticed a large abomination
    15 | D:1      | Noticed a large abomination
    17 | D:1      | Noticed a large abomination
    17 | D:1      | Noticed a large abomination
    17 | D:1      | Noticed a large abomination
    19 | D:1      | Noticed a large abomination
    21 | D:1      | Noticed a large abomination
   221 | D:1      | Reached XP level 2. HP: 13/13 MP: 0/6
   526 | D:1      | Reached XP level 3. HP: 16/16 MP: 1/8
   786 | D:2      | Noticed Jessica
   790 | D:2      | Killed Jessica
   791 | D:2      | Reached skill level 3 in Spellcasting
   799 | D:2      | Reached XP level 4. HP: 21/21 MP: 0/9
  1748 | D:3      | Reached XP level 5. HP: 24/24 MP: 6/11
  1751 | D:3      | Learned a level 2 spell: Searing Ray
  1756 | D:3      | Learned a level 4 spell: Iskenderun's Mystic Blast
  2118 | D:3      | Found a shimmering blue altar of Sif Muna.
  2132 | D:3      | Found a faded altar of an unknown god.
  2393 | D:3      | Noticed Robin
  2453 | D:3      | Reached skill level 1 in Short Blades
  2542 | D:3      | Killed Robin
  2762 | D:3      | Became a worshipper of Sif Muna the Loreminder
  2856 | D:4      | Noticed a phantom
  2872 | D:4      | Killed a phantom
  2873 | D:4      | Reached skill level 4 in Spellcasting
  2990 | D:4      | Reached XP level 6. HP: 29/29 MP: 0/13
  3112 | D:4      | Found a staircase to the Ecumenical Temple.
  3591 | D:4      | Found a blossoming altar of Fedhas.
  3673 | D:4      | Reached skill level 5 in Spellcasting
  4253 | D:5      | Entered Level 5 of the Dungeon
  4324 | D:5      | Reached skill level 6 in Spellcasting
  4448 | D:5      | Reached XP level 7. HP: 21/32 MP: 4/17
  4496 | D:5      | Reached skill level 5 in Dodging
  4499 | D:5      | Reached * piety under Sif Muna
  4661 | D:5      | Reached skill level 1 in Translocations
  4919 | D:5      | Found Muxtebif's Magic Scroll Shoppe.
  4923 | D:5      | Bought a scroll of teleportation for 36 gold pieces
  4968 | D:5      | Reached skill level 7 in Spellcasting
  5123 | D:5      | Noticed Sigmund
  5129 | D:5      | Killed Sigmund
  5285 | D:5      | Reached skill level 8 in Spellcasting
  5285 | D:5      | Reached XP level 8. HP: 37/37 MP: 7/21
  5797 | D:6      | Found a radiant altar of Vehumet.
  5876 | D:6      | Reached skill level 9 in Spellcasting
  6008 | D:6      | Found a stormy altar of Qazlal.
  6144 | D:6      | Reached ** piety under Sif Muna
  6157 | D:6      | Reached skill level 10 in Spellcasting
  6484 | D:6      | Reached skill level 5 in Conjurations
  6673 | D:6      | Reached skill level 12 in Spellcasting
  6673 | D:6      | Reached XP level 9. HP: 44/44 MP: 23/26
  6674 | D:6      | Reached skill level 5 in Short Blades
  6674 | D:6      | Reached XP level 10. HP: 49/49 MP: 23/27
  6681 | D:6      | Reached skill level 13 in Spellcasting
  8084 | D:7      | Reached XP level 11. HP: 53/53 MP: 21/29
  8375 | D:7      | Reached *** piety under Sif Muna
  9603 | D:9      | Found a snail-covered altar of Cheibriados.
  9629 | D:9      | Found a glowing golden altar of the Shining One.
  9870 | D:9      | Found a sacrificial altar of Ru.
 10119 | D:9      | Learned a level 4 spell: Fulminant Prism
 10191 | D:9      | Noticed a boulder beetle
 10284 | D:9      | Killed a boulder beetle
 10821 | D:10     | Entered Level 10 of the Dungeon
 10880 | D:10     | Reached skill level 14 in Spellcasting
 11008 | D:10     | Found a staircase to the Lair.
 11008 | D:10     | Noticed an oklob plant
 11012 | D:10     | Noticed an oklob plant
 11373 | D:10     | Reached **** piety under Sif Muna
 11624 | D:10     | Noticed Maggie
 11640 | D:10     | Mangled by Maggie

Illustrated notes

Levels and vault maps discovered:
D:1:      shiori_arrival_whats_in_store_for_you, layout_rooms,
          minmay_misc_feat_diagonals, minmay_cupped
D:2:      layout_rooms, minmay_misc_feat_doors, corner_web_ring, uniq_jessica
D:3:      layout_loops_corners, mainiacjoe_overflow_brackets,
          hellmonk_ecumenical_altar_arch_garden, uniq_robin
D:4:      layout_basic, fedhas_altar_1, minmay_temple_entry_tees
D:5:      layout_cave_pools, serial_gnoll_camp, gnoll_camp_mini_sergeant,
          gnoll_camp_mini_loothouse, gnoll_camp_mini_shop, gnoll_camp_mini_hut,
          gnoll_camp_medium_01, uniq_sigmund
D:6:      layout_layer_cave, amcnicky_altar_gilded,
          mainiacjoe_overflow_small_starburst, hangedman_glass_teeth,
          minmay_strange_pillars, kennysheep_generic_room_6
D:7:      layout_gridville
D:8:      layout_rooms
D:9:      layout_cave_pods, tso_oasis_becter, kennysheep_slug_shrine,
          nicolae_ru_sacrificial_ziggurat
D:10:     layout_loops_ring, mainiacjoe_overflow_alcove_4, dpeg_oklobed_lair,
          kennysheep_orc_monster_closet_entryway, nzn_random_ring, uniq_grum,
          uniq_maggie

Skill      XL: |  1  2  3  4  5  6  7  8  9 10 11 |
---------------+----------------------------------+-----
Conjurations   | 3 4 5 6 7 |  7.1
Dodging        | 3 4 5 7 8 |  8.4
Spellcasting   | 3 4 6 8 12 13 14 | 14.4
Short Blades   | 1 4 5 |  5.9
Stealth        | 4 7 8 |  8.9
Translocations | 2 6 7 8 |  8.8
Fighting       | 3 4 |  4.0
Evocations     | 4 6 |  6.0
Alchemy        | |  0.6
Invocations    | |  0.3

Action                     |  1- 3 |  4- 6 |  7- 9 | 10-12 || total
---------------------------+-------+-------+-------+-------++-------
  Melee: Dagger            |    39 |    60 |    29 |   108 ||   236
         Punch             |       |     1 |     1 |     3 ||     5
         Staff             |       |    15 |       |       ||    15
   Cast: Magic Dart        |    57 |   131 |    78 |   110 ||   376
         Searing Ray       |       |    11 |    17 |    32 ||    60
         Iskenderun's Myst |       |     8 |    14 |    49 ||    71
         Fulminant Prism   |       |       |       |    15 ||    15
 Invoke: Channel Magic     |       |       |       |     1 ||     1
  Evoke: Wand              |       |       |     5 |       ||     5
    Use: Potion            |     4 |     5 |     3 |    11 ||    23
         Scroll            |     3 |     7 |     4 |     7 ||    21
   Stab: Distracted        |     1 |       |       |       ||     1
         Sleeping          |       |     1 |     1 |     2 ||     4
 Armour: Robe              |    20 |    35 |    24 |    67 ||   146
         Skin              |    37 |       |       |    16 ||    53
  Dodge: Dodged            |    77 |   112 |    49 |   132 ||   370

Table legend: (Time is in decaauts)
 A = Elapsed time spent in this place.
 B = Non-inter-level travel time spent in this place.
 C = Inter-level travel time spent in this place.
 D = Time resting spent in this place.
 E = Time spent auto-exploring this place.
 F = Levels seen in this place.
 G = Mean time per level.
                   A        B        C        D        E       F      G
               +--------+--------+--------+--------+--------+-----+--------+
         Total |   9175 |   9025 |    150 |    706 |   6578 |  10 |  917.5 |
       Dungeon |   9175 |   9025 |    150 |    706 |   6578 |  10 |  917.5 |
               +--------+--------+--------+--------+--------+-----+--------+

Top non-repeatable levels by time:
     D:6: 1274 daAuts
     D:5: 1272 daAuts
     D:4: 1153 daAuts
     D:7: 1044 daAuts
     D:9: 937 daAuts
     D:3: 895 daAuts
    D:10: 715 daAuts
     D:2: 707 daAuts
     D:8: 622 daAuts
     D:1: 553 daAuts
